 Dungeon Crawl Stone Soup version 0.16-a0-3326-gb44eaf1 (console) character file.

781 Fusha the Ogre Mage (level 7, -6/62 HPs)
             Began as an Ogre Ice Elementalist on Dec 27, 2014.
             Was a Follower of Okawaru.
             Mangled by a goliath beetle (29 damage)
             ... on level 3 of the Dungeon.
             The game lasted 00:30:03 (6816 turns).

Fusha the Ogre Mage (Ogre Ice Elementalist)         Turns: 6816, Time: 00:30:03

Health: -6/62      AC:  3    Str: 14    XL:     7   Next: 85%
Magic:  8/20       EV: 10    Int: 16    God:    Okawaru [*.....]
Gold:   109        SH:  0    Dex: 10    Spells: 4 memorised, 8 levels left

rFire  . . .     SeeInvis .     z - +2 quarterstaff (crush)
rCold  . . .     Clarity  .     a - +0 robe
rNeg   . . .     SustAb   .     (shield restricted)
rPois  +         Gourm    .     (helmet restricted)
rElec  .         Spirit   .     (no cloak)
rCorr  .         Warding  .     (gloves unavailable)
rMut   .         Stasis   .     (boots unavailable)
MR     .....                    (no amulet)
Stlth  +.........               (no ring)
                                t - ring of poison resistance

@: not resistant to hostile enchantments, very unstealthy
A: unfitting armour, tough skin 1
a: Heroism, Renounce Religion


You were on level 3 of the Dungeon.
You worshipped Okawaru.
Okawaru was aware of your devotion.
You were not hungry.

You visited 2 branches of the dungeon, and saw 7 of its levels.

You collected 159 gold pieces.
You spent 50 gold pieces at shops.

Inventory:

Hand weapons
 n - a +0 whip
 z - a +2 quarterstaff of crushing (weapon)
Missiles
 d - 32 stones (quivered)
Armour
 a - a +0 robe (worn)
Magical staves
 y - an uncursed staff of fire
Jewellery
 k - an uncursed amulet of guardian spirit
 t - a ring of poison resistance (left hand)
Scrolls
 f - 2 scrolls of noise
 i - a scroll of recharging {unknown}
 j - 5 scrolls of remove curse
 l - a scroll of amnesia
 p - a scroll of enchant armour {unknown}
 r - a scroll of blinking
 s - a scroll of enchant weapon {unknown}
 v - a scroll of magic mapping {unknown}
 A - a scroll of immolation {unknown}
Potions
 e - 2 potions of heal wounds
 g - 2 potions of agility
 q - a potion of invisibility
 u - a potion of restore abilities
 w - a potion of poison
 x - a potion of haste
Books
 b - a book of Frost

   Spells                             Type                      Level
   a - Freeze                         Ice                          1
   b - Throw Frost                    Conjuration/Ice              2
   c - Ozocubu's Armour               Charms/Ice                   3
   d - Throw Icicle                   Conjuration/Ice              4
   e - Summon Ice Beast               Ice/Summoning                4
   f - Condensation Shield            Ice                          4
Comestibles
 c - 5 meat rations
 h - a bread ration
 m - 2 fruits


   Skills:
 + Level 1.5 Fighting
 + Level 2.8 Dodging
 + Level 1.8 Stealth
 + Level 6.1 Spellcasting
 + Level 0.6 Conjurations
 * Level 2.7 Summonings
 + Level 4.0 Ice Magic


You had 8 spell levels left.
You knew the following spells:

 Your Spells              Type           Power        Failure   Level  Hunger
a - Freeze                Ice            ###.         2%          1    None
b - Throw Frost           Conj/Ice       ##....       10%         2    #......
c - Ozocubu's Armour      Chrm/Ice       ##......     17%         3    ##.....
d - Summon Ice Beast      Ice/Summ       ###.....     38%         4    ####...


Dungeon Overview and Level Annotations

Branches:
Dungeon (6/15)             Temple (1/1) D:5

Altars:
Ashenzari
Cheibriados
Dithmenos
Elyvilon
Fedhas
Gozag
Makhleb
Nemelex Xobeh
Okawaru
Qazlal
Ru
Sif Muna
Trog
Vehumet
Xom
Yredelemnul
Zin
The Shining One

Shops:
D:4 ?   D:6 (

Annotations:
D:1 food behind lawa
D:3 Sigmund


Innate Abilities, Weirdness & Mutations

You are too large for most types of armour.
You have tough skin (AC +1).


Message History

Press: ? - help, Shift-Dir - straight line You freeze something.
You hear some strange, mumbled words.
The puff of flame hits you!
Casting: Freeze
Confirm with . or Enter, or press ? or * to list all spells.
Aiming: Freeze
Press: ? - help, Shift-Dir - straight line You freeze something.
Something hits you.
Casting: Freeze
Confirm with . or Enter, or press ? or * to list all spells.
Aiming: Freeze
Press: ? - help, Shift-Dir - straight line You freeze something.
Something hits you.
Casting: Freeze
Confirm with . or Enter, or press ? or * to list all spells.
Aiming: Freeze
Press: ? - help, Shift-Dir - straight line You freeze something.
The goliath beetle bites you!!
You die...

..############
.............#
..##########.## ..#
####..# #########...#.#
........'..<#.##########
#########[..#..#.......#
...............>.......#
###...(...#.##..@......#
#.........#...{B.....#
#.........#.#..(^....#
#....P.P..#.#........#
#....._...#.##)#..####
###...(P.P.##.##..(.#
....##...........).(#
#####...#####.###...## #
#...# #........#


You could see a goliath beetle.

Vanquished Creatures
  A sky beast (D:6)
  A centaur (D:5)
  A crimson imp (D:5)
  2 hounds
  2 jellies (D:5)
  2 orc wizards
  3 worker ants
  3 iguanas
  3 gnolls
  6 adders
  A shadow imp (D:5)
  A giant mite (D:5)
  2 worms
  3 giant geckos
  An ooze (Temple)
  10 orcs
  8 bats
  A bat skeleton (D:5)
  7 giant cockroaches
  17 hobgoblins
  6 jackals
  4 quokkas
  2 ball pythons (D:4)
  4 giant newts
  23 goblins
  A goblin zombie (D:5)
  10 kobolds
  2 quokka skeletons (D:4)
  A quokka zombie (D:5)
  10 rats
138 creatures vanquished.

Notes
Turn   | Place    | Note
--------------------------------------------------------------
     0 | D:1      | Fusha, the Ogre Ice Elementalist, began the quest for the Orb.
     0 | D:1      | Reached XP level 1. HP: 16/16 MP: 3/3
   335 | D:1      | Reached XP level 2. HP: 7/24 MP: 0/5
   339 | D:1      | Learned a level 2 spell: Throw Frost
   687 | D:1      | Reached skill level 3 in Spellcasting
   854 | D:1      | Reached XP level 3. HP: 31/31 MP: 2/8
  1694 | D:2      | Reached XP level 4. HP: 23/39 MP: 8/10
  1813 | D:3      | Learned a level 3 spell: Ozocubu's Armour
  1819 | D:3      | Learned a level 4 spell: Summon Ice Beast
  2000 | D:3      | Found a basalt altar of Yredelemnul.
  2022 | D:3      | Reached skill level 4 in Spellcasting
  2141 | D:3      | Noticed Sigmund
  2475 | D:4      | Found Wolomar's Magic Scroll Emporium.
  2483 | D:4      | Bought a scroll of identify for 20 gold pieces
  2483 | D:4      | Bought a scroll of teleportation for 30 gold pieces
  2770 | D:4      | Reached XP level 5. HP: 45/45 MP: 8/13
  3004 | D:4      | Reached skill level 1 in Summonings
  3513 | D:4      | Reached XP level 6. HP: 25/54 MP: 8/15
  3689 | D:5      | Entered Level 5 of the Dungeon
  3766 | D:5      | Found a staircase to the Ecumenical Temple.
  3775 | Temple   | Entered the Ecumenical Temple
  3820 | Temple   | Became a worshipper of Warmaster Okawaru
  3989 | D:5      | Reached skill level 5 in Spellcasting
  4484 | D:5      | Reached skill level 1 in Fighting
  4484 | D:5      | Reached XP level 7. HP: 18/62 MP: 12/19
  4719 | D:5      | Found a bloodstained altar of Trog.
  4780 | D:5      | Found a bloodstained altar of Trog.
  5441 | D:6      | Found Baemesuy's Antique Weapon Emporium.
  5604 | D:6      | Acquired Okawaru's first power
  5604 | D:6      | Reached skill level 6 in Spellcasting
  5691 | D:6      | Noticed a troll
  6816 | D:3      | Mangled by a goliath beetle

Action                   |  1- 3 |  4- 6 |  7- 9 || total
-------------------------+-------+-------+-------++-------
Melee: Unarmed           |    34 |       |       ||    34
       Whip              |       |    14 |     7 ||    21
       Quarterstaff      |       |       |    12 ||    12
Throw: Large rock        |       |       |     5 ||     5
 Cast: Freeze            |    71 |   152 |    98 ||   321
       Throw Frost       |       |     2 |    16 ||    18
  Use: Scroll            |       |    10 |     1 ||    11
       Potion            |       |     1 |       ||     1
  Eat: Bread ration      |     1 |     2 |     2 ||     5
